AoeStats
← THL

Arabia

506785268Analyzed
1v1 RM · 18d ago on Sep 15, 2026· 54m 7s· 2 players
Game mode
Random Map
Map size
Tiny (2 player)
Population
200
Speed
Normal
Resources
Standard
Victory
Conquest
Starting age
Dark Age
Ending age
Imperial Age
RankedLock teamsTeams togetherTeam positionsShared explorationLock speedFull tech treeHidden civsTurbo modeCheats
Victory
Defeat
🇻🇳 Tatars · Vietnam
1745
+18
🇨🇳 Magyars · China
1793
-18
THL
6:07 Loom
9:02 Feudal Age
10:08 Double-Bit Axe
11:55 Horse Collar
16:25 Fletching
23:13 Castle Age
24:08 Bow Saw
23:55 Bodkin Arrow
23:22 Crossbowman
27:36 Wheelbarrow
30:37 Bloodlines
31:04 Husbandry
35:15 Imperial Age
33:15 Scale Barding Armor
33:22 Forging
33:39 Gold Mining
34:19 Chain Barding Armor
36:04 Iron Casting
36:15 Gold Shaft Mining
36:51 Plate Barding Armor
37:10 Conscription
36:33 Heavy Camel Rider
37:41 Elite Skirmisher
39:23 Blast Furnace
41:26 Chemistry
40:39 Bracer
41:01 Padded Archer Armor
42:00 Ballistics
43:23 Leather Archer Armor
46:54 Hand Cart
47:30 Ring Archer Armor
48:24 Light Cavalry
49:51 Hussar
cff
5:33 Loom
9:08 Feudal Age
9:28 Man-at-Arms
15:20 Double-Bit Axe
17:58 Fletching
22:50 Castle Age
21:40 Padded Archer Armor
22:59 Elite Skirmisher
23:46 Bodkin Arrow
25:00 Bow Saw
26:02 Horse Collar
28:53 Wheelbarrow
28:03 Town Watch
30:08 Gold Mining
32:05 Gold Shaft Mining
31:23 Stone Mining
31:58 Leather Archer Armor
33:09 Ballistics
32:57 Scale Barding Armor
33:06 Bloodlines
34:37 Gold Shaft Mining
38:18 Imperial Age
36:06 Hand Cart
36:54 Husbandry
37:15 Thumb Ring
39:01 Bracer
40:03 Chemistry
39:30 Parthian Tactics
38:48 Heavy Cavalry Archer
40:13 Heavy Plow
41:14 Two-Man Saw
41:22 Ring Archer Armor
41:20 Conscription
42:59 Light Cavalry
45:07 Chain Barding Armor
44:51 Hussar
45:44 Recurve Bow
47:44 Plate Barding Armor
Connection lost

Rejoining the realm…

Still unreachable

The connection could not be restored.

Session expired

The server has moved on; the page needs a fresh start.